 Dungeon Crawl Stone Soup version 0.25.1-2-g60ff931df9 (webtiles) character file.

Game seed: 14354844197596364497

22327 12sPaWn12 the Blocker (level 12, -1/76 HPs)
             Began as a Gargoyle Fighter on Nov 18, 2020.
             Was a Priest of the Shining One.
             Slain by Snorg (11 damage)
             ... on level 11 of the Dungeon.
             The game lasted 00:34:23 (15075 turns).

12sPaWn12 the Blocker (Gargoyle Fighter)           Turns: 15075, Time: 00:34:23

Health: -1/76      AC: 25    Str: 26    XL:     12   Next: 99%
Magic:  12/12      EV:  9    Int: 10    God:    the Shining One [***...]
Gold:   775        SH: 18    Dex:  9    Spells: 11/11 levels left

rFire    + . .     SeeInvis .   v - +1 mace (protect)
rCold    + + .     Gourm    .   c - +0 kite shield
rNeg     + + .     Faith    .   z - +0 plate armour
rPois    ∞         Spirit   .   (no helmet)
rElec    +         Reflect  +   (no cloak)
rCorr    .         Harm     .   D - +1 pair of gloves of Vehumet's Delight {rF+ rC+ MR+ Str+2}
MR       +....                  (no boots)
Stlth    ..........             t - amulet of reflection
HPRegen  0.22/turn              w - ring of wizardry
MPRegen  0.13/turn              a - ring of protection from cold

@: glowing
A: negative energy resistance 1, electricity resistance, unbreathing,
petrification resistance, rot immunity, AC +8
a: Divine Shield, Renounce Religion


You were on level 11 of the Dungeon.
You worshipped the Shining One.
The Shining One was most pleased with you.
You were not hungry.

You visited 2 branches of the dungeon, and saw 13 of its levels.

You collected 775 gold pieces.

Inventory:

Hand Weapons
 v - a +1 mace of protection (weapon)
Armour
 c - a +0 kite shield (worn)
 z - a +0 plate armour (worn)
 D - the +1 pair of gloves of Vehumet's Delight (worn) {rF+ rC+ MR+ Str+2}
   (You found it on level 8 of the Dungeon)

   It affects your strength (+2).
   It protects you from fire.
   It protects you from cold.
   It affects your resistance to hostile enchantments.
Jewellery
 a - a ring of protection from cold (right hand)
 b - an uncursed ring of protection from cold
 t - an amulet of reflection (around neck)
 w - a ring of wizardry (left hand)
 x - an uncursed amulet of regeneration
 F - a +6 ring of dexterity {unknown}
 J - a cursed -4 ring of intelligence {unknown}
 K - a cursed ring of attention {unknown}
 M - an uncursed amulet of faith {unknown}
Wands
 d - a wand of enslavement (18)
 E - a wand of polymorph (15)
 N - a wand of disintegration (14)
 P - a wand of acid (6)
Scrolls
 e - 6 scrolls of magic mapping {unknown}
 i - 8 scrolls of identify {unknown}
 k - 3 scrolls of teleportation {unknown}
 m - 3 scrolls of immolation {unknown}
 r - 3 scrolls of remove curse
 s - a scroll of enchant armour {unknown}
 u - 5 scrolls of fear {unknown}
 y - 2 scrolls of fog {unknown}
 A - a scroll of blinking
 B - 2 scrolls of random uselessness {unknown}
 G - a scroll of noise {unknown}
 O - 3 scrolls of enchant weapon {unknown}
 Q - a scroll of brand weapon {unknown}
Potions
 g - 2 potions of stabbing {unknown}
 h - a potion of mutation {unknown}
 j - 4 potions of heal wounds {unknown}
 l - 4 potions of flight {unknown}
 n - 2 potions of resistance {unknown}
 o - 3 potions of haste
 p - 8 potions of curing {unknown}
 q - 2 potions of lignification {unknown}
 C - a potion of might
 I - a potion of ambrosia {unknown}
 L - a potion of degeneration {unknown}
Comestibles
 f - 44 rations


   Skills:
 * Level 9.0 Fighting
 * Level 12.1 Maces & Flails
 * Level 9.3 Armour
 * Level 5.7 Dodging
 * Level 13.1 Shields


You had 11 spell levels left.
You didn't know any spells.
Your spell library contained the following spells:

 Spells                   Type           Power        Failure   Level  Hunger
 Animate Skeleton         Necr           N/A          86%         1    ##.....
 Apportation              Tloc           #.....       86%         1    ##.....
 Corona                   Hex            #......      86%         1    ##.....
 Infusion                 Chrm           #...         86%         1    ##.....
 Magic Dart               Conj           #...         86%         1    ##.....
 Pain                     Necr           #...         86%         1    ##.....
 Sandblast                Erth           #.....       86%         1    ##.....
 Summon Small Mammal      Summ           #...         86%         1    ##.....
 Blink                    Tloc           N/A          94%         2    ###....
 Call Imp                 Summ           #.......     94%         2    ###....
 Passwall                 Tmut/Erth      #.......     94%         2    ###....
 Shroud of Golubria       Chrm/Tloc      #.....       94%         2    ###....
 Slow                     Hex            #.......     94%         2    ###....
 Song of Slaying          Chrm           #.......     94%         2    ###....
 Conjure Flame            Conj/Fire      #.......     99%         3    ####...
 Gell's Gravitas          Tloc           #.........   99%         3    ####...
 Mephitic Cloud           Conj/Pois/Air  #.......     99%         3    ####...
 Ozocubu's Armour         Chrm/Ice       #.......     99%         3    ####...
 Spectral Weapon          Hex/Chrm       #.......     99%         3    ####...
 Stone Arrow              Conj/Erth      #.....       99%         3    ####...
 Vampiric Draining        Necr           #.........   99%         3    ####...
 Animate Dead             Necr           N/A          100%        4    #####..
 Petrify                  Tmut/Erth      #.......     100%        4    #####..
 Agony                    Necr           #.......     100%        5    ######.
 Lee's Rapid Deconstruct  Erth           #.........   100%        5    ######.
 Invisibility             Hex            #.......     100%        6    #######
 Disjunction              Tloc           #.........   100%        8    #######


Dungeon Overview and Level Annotations

Branches:
Dungeon (12/15)            Temple (1/1) D:6            Lair (0/6) D:10
    Orc (0/2) D:9

Altars:
Ashenzari
Cheibriados
Dithmenos
Elyvilon
Fedhas
Gozag
Hepliaklqana
Kikubaaqudgha
Makhleb
Nemelex Xobeh
Okawaru
Qazlal
Ru
Sif Muna
Trog
Uskayaw
Vehumet
Wu Jian
Xom
Yredelemnul
Zin
The Shining One

Shops:
D:10 ?

Annotations:
D:11 Snorg


Innate Abilities, Weirdness & Mutations

You are resistant to torment.
Your stone body is resilient. (AC +8)
You are immune to poison.
You resist negative energy. (rN+)
You are resistant to electric shocks. (rElec)
You can survive without breathing.
You are immune to petrification.
You are immune to rotting.


Message History

Snorg bites you! Snorg claws you but does no damage. x2
You hit Snorg.
Snorg is almost dead.
You block Snorg's attack. Snorg claws you but does no damage. x2
Snorg bites you.
* * * LOW HITPOINT WARNING * * *
You block Snorg's attack. Snorg claws you!
* * * LOW HITPOINT WARNING * * *
You block Snorg's attack. x3
You block Snorg's attack. x2; Snorg claws you but does no damage.
Snorg barely misses you. You block Snorg's attack.
Snorg claws you but does no damage. You block Snorg's attack.
Snorg claws you but does no damage. You block Snorg's attack.
Snorg rages.
You block Snorg's attack. Snorg claws you but does no damage.
You block Snorg's attack.
Snorg rages.
Snorg barely misses you. You block Snorg's attack. Snorg claws you!
You die...

#.........#..........#.
#.........#..........##
#.........#......)[..##
####......#..[.......##
#......#####......##
##.##### #......## #.#
#......## #T#######
#......##
#.@.....###......##
#.........'......).
#.......###......##
#.......# #......##
######### #......##
####'#.## #.#.## #.#.##
#.#.##


You could see Snorg (berserk).

Vanquished Creatures
  Azrael (D:12)
  Erolcha (D:11)
  2 hydras
  3 two-headed ogres
  Pikel (D:4)
  A harpy (shapeshifter) (D:10)
  An ugly thing (D:12)
  A cyclops (D:12)
  2 centaur zombies (D:11)
  2 gargoyles
  A centaur skeleton (D:10)
  A troll (D:8)
  A queen bee (D:11)
  A hornet (D:11)
  3 slime creatures
  2 dream sheep (D:8)
  6 hippogriffs
  Sigmund (D:3)
  A wraith (D:11)
  3 fire elementals
  18 yaks
  A steam dragon (D:7)
  Menkaure (D:5)
  3 hell hounds (D:11)
  2 water moccasins
  2 ice beasts
  10 orc warriors
  2 sky beasts
  A slave (D:4)
  5 phantoms
  A black bear (D:11)
  A necrophage (D:6)
  9 ogres
  2 centaurs
  5 big kobolds
  5 bullfrogs
  A wyvern zombie (D:7)
  3 scorpions
  45 killer bees
  5 wights (D:9)
  2 crimson imps (D:9)
  A bullfrog zombie (D:5)
  A quasit (D:7)
  Crazy Yiuf (D:4)
  10 hounds
  3 jellies
  7 orc priests
  A bullfrog skeleton (D:10)
  5 iguanas
  9 orc wizards
  Natasha (twice) (D:3)
  6 worker ants
  2 hound zombies
  A hound skeleton (D:11)
  A howler monkey zombie (D:11)
  A howler monkey skeleton (D:7)
  2 worker ant zombies
  4 adders
  4 gnolls
  4 shadow imps
  2 oozes
  2 adder skeletons
  5 worms
  3 dart slugs
  12 leopard geckos
  42 orcs
  8 bats
  8 giant cockroaches
  9 goblins
  5 hobgoblins
  5 jackals
  26 kobolds
  A quokka (D:4)
  4 ball pythons
  5 frilled lizards
  9 rats
370 creatures vanquished.

Vanquished Creatures (others)
  An ogre (D:4)
  An orc wizard (D:6)
  Natasha (D:3)
  An orc (D:4)
  A kobold (D:3)
5 creatures vanquished.

Grand Total: 375 creatures vanquished

Notes
Turn   | Place    | Note
-------+----------+-------------------------------------------
     0 | D:1      | 12sPaWn12 the Gargoyle Fighter began the quest for the Orb.
     0 | D:1      | Reached XP level 1. HP: 14/14 MP: 1/1
   198 | D:1      | Reached XP level 2. HP: 19/19 MP: 2/2
   486 | D:1      | You fall into a shaft and drop 1 floor!
   605 | D:2      | Found a hide-covered altar of Uskayaw.
   631 | D:2      | Reached XP level 3. HP: 19/23 MP: 3/3
  1007 | D:2      | Found a snail-covered altar of Cheibriados.
  1046 | D:2      | Reached XP level 4. HP: 20/29 MP: 4/4
  1834 | D:3      | Reached skill level 4 in Shields
  1834 | D:3      | Reached XP level 5. HP: 20/33 MP: 5/5
  1884 | D:3      | Noticed a phantom
  1945 | D:3      | Killed a phantom
  1945 | D:3      | Reached skill level 1 in Dodging
  2354 | D:3      | Reached XP level 6. HP: 38/38 MP: 6/6
  2547 | D:3      | Found a radiant altar of Vehumet.
  2547 | D:3      | Noticed Natasha
  2558 | D:3      | Killed Natasha
  2795 | D:3      | Killed Natasha
  2824 | D:3      | Noticed Natasha
  2829 | D:3      | Killed Natasha
  2866 | D:3      | Noticed Sigmund
  2922 | D:3      | Killed Sigmund
  2922 | D:3      | Reached skill level 5 in Shields
  2922 | D:3      | Reached XP level 7. HP: 37/44 MP: 7/7
  3394 | D:4      | Found a stormy altar of Qazlal.
  3396 | D:4      | Found a hazy altar of Hepliaklqana.
  3736 | D:4      | Found a runed translucent door.
  3737 | D:4      | Noticed Crazy Yiuf
  3790 | D:4      | Reached skill level 5 in Maces & Flails
  3862 | D:4      | Found a bloodstained altar of Trog.
  4060 | D:4      | Noticed Pikel
  4093 | D:4      | Killed Pikel
  4093 | D:4      | Reached skill level 5 in Armour
  4093 | D:4      | Reached XP level 8. HP: 39/48 MP: 8/8
  4689 | D:4      | Killed Crazy Yiuf
  4788 | D:5      | Entered Level 5 of the Dungeon
  4870 | D:5      | Reached skill level 5 in Fighting
  5034 | D:5      | Found a glowing silver altar of Zin.
  5381 | D:5      | Found an iron altar of Okawaru.
  5399 | D:5      | Noticed Menkaure
  5409 | D:5      | Reached skill level 6 in Shields
  5419 | D:5      | Killed Menkaure
  5852 | D:4      | Found a shimmering blue altar of Sif Muna.
  6062 | D:6      | Found a sacrificial altar of Ru.
  6151 | D:6      | Reached XP level 9. HP: 54/54 MP: 9/9
  6595 | D:6      | Found a staircase to the Ecumenical Temple.
  6602 | Temple   | Entered the Ecumenical Temple
  6729 | Temple   | Became a worshipper of Elyvilon the Healer
  6771 | D:6      | Reached skill level 7 in Shields
  8101 | D:7      | Reached * piety under Elyvilon
  8167 | D:7      | Reached skill level 8 in Shields
  8167 | D:7      | Reached XP level 10. HP: 59/60 MP: 10/10
  8180 | D:7      | Found an ancient bone altar of Kikubaaqudgha.
  8182 | D:7      | Found a blossoming altar of Fedhas.
  8995 | D:8      | Reached skill level 9 in Shields
  9250 | D:8      | Reached ** piety under Elyvilon
  9254 | D:8      | Got a pair of faintly humming gloves
  9272 | D:8      | Identified the +1 pair of gloves of Vehumet's Delight {rF+
                  | rC+ MR+ Str+2} (You found it on level 8 of the Dungeon)
  9564 | D:8      | Found a basalt altar of Yredelemnul.
  9569 | D:8      | Found a glowing golden altar of the Shining One.
  9571 | D:8      | Noticed an angel
  9726 | D:8      | Noticed a three-headed hydra
  9740 | D:8      | Killed a three-headed hydra
  9937 | D:8      | Reached skill level 10 in Shields
 10012 | D:8      | Reached XP level 11. HP: 58/67 MP: 11/11
 10045 | D:8      | Fell from the grace of Elyvilon
 10045 | D:8      | Became a worshipper of the Shining One
 10094 | D:8      | Reached skill level 10 in Maces & Flails
 10216 | D:9      | Reached * piety under the Shining One
 10774 | D:9      | Found a staircase to the Orcish Mines.
 10862 | D:9      | Reached ** piety under the Shining One
 11362 | D:10     | Entered Level 10 of the Dungeon
 11408 | D:10     | Reached skill level 11 in Shields
 11623 | D:10     | Noticed a two-headed ogre
 11645 | D:10     | Killed a two-headed ogre
 11851 | D:10     | Found Daext's Magic Scroll Shoppe.
 12202 | D:10     | Reached skill level 5 in Dodging
 12244 | D:10     | Noticed a harpy
 12254 | D:10     | Killed a harpy
 12254 | D:10     | Reached XP level 12. HP: 69/73 MP: 12/12
 12289 | D:10     | Identified the Incunabulum of Dislocated Malediction
 12353 | D:10     | Found a staircase to the Lair.
 12606 | D:11     | Noticed a five-headed hydra
 12625 | D:11     | Killed a five-headed hydra
 12996 | D:11     | Reached skill level 12 in Shields
 13574 | D:11     | Reached *** piety under the Shining One
 13936 | D:12     | Noticed Erolcha
 13950 | D:11     | Killed Erolcha
 14049 | D:12     | Noticed a two-headed ogre
 14055 | D:12     | Killed a two-headed ogre
 14100 | D:12     | Noticed Azrael
 14311 | D:12     | Killed Azrael
 14610 | D:12     | Noticed a two-headed ogre
 14619 | D:12     | Killed a two-headed ogre
 14619 | D:12     | Reached skill level 13 in Shields
 14771 | D:12     | Noticed Snorg
 15075 | D:11     | Slain by Snorg

Illustrated notes

Levels and vault maps discovered:
D:1:      onia_arrival_handbag, layout_basic, minmay_tiny_reverse_x
D:2:      layout_loops_ring, nicolae_overflow_crystal_walls,
          eat_drink_and_be_merry_uskayaw, st_stairs_2, minmay_indecisive_spiral
D:3:      layout_basic, fiery_altar_vehumet, first_ration, serial_curves,
          eino_curves_02, eino_curves_02, uniq_sigmund, uniq_natasha
D:4:      lemuel_upstairs_altar, layout_loops_ring, bloody_trog,
          grunt_temple_overflow_open, uniq_pikel, uniq_crazy_yiuf_cottage
D:5:      layout_basic, lemuel_round_altar, lemuel_doored_altar, uniq_menkaure
D:6:      layout_loops_cross, nicolae_ru_sacrificial_ziggurat,
          minmay_temple_entry_overgrown, st_stairs_13
D:7:      layout_basic, grunt_temple_overflow_growth_and_decay
D:8:      layout_basic, grunt_temple_overflow_holy_war, hangedman_ranch
          [blue_anna_fruit_fields]
D:9:      layout_cave_pools, david_orc_3, minmay_unpleasant_kobolds
D:10:     layout_cross, lair_entry_dummy, serial_shops, nicolae_shop_waterfront,
          nicolae_benzene_ring
D:11:     layout_basic, special_room [special_room_bee], minmay_misc_feat_roman
D:12:     layout_gridville, uniq_erolcha, uniq_azrael, uniq_snorg
Temple:   nicolae_temple_figure_zero

Skill      XL: |  1  2  3  4  5  6  7  8  9 10 11 12 |
---------------+-------------------------------------+-----
Maces & Flails | 3 4 6 7 8 9 11 12 | 12.1
Shields        | 4 5 6 8 10 11 13 | 13.1
Fighting       | 4 5 6 7 8 9 |  9.0
Armour         | 4 5 6 7 8 9 |  9.3
Dodging        | 1 2 3 4 5 |  5.7

Action                   |  1- 3 |  4- 6 |  7- 9 | 10-12 || total
-------------------------+-------+-------+-------+-------++-------
Melee: Flail             |   126 |   156 |   105 |       ||   387
       Mace              |       |       |   490 |  1483 ||  1973
  Use: Potion            |       |     1 |       |     1 ||     2
       Scroll            |       |       |     3 |     1 ||     4
  Eat: Chunk             |     1 |     6 |    18 |    21 ||    46
       Ration            |       |       |       |     1 ||     1
Armor: Scale mail        |    70 |    85 |   181 |       ||   336
       Plate armour      |       |       |    20 |   737 ||   757
Dodge: Dodged            |    47 |    43 |   128 |   355 ||   573
Block: Kite shield       |    73 |    78 |   365 |  1558 ||  2074
       Reflection        |       |       |     4 |    24 ||    28
